 Dungeon Crawl Stone Soup version 0.21-a0-442-g848f44b (webtiles) character file.

445 kae the Digger (level 7, -5/60 HPs)
             Began as a Gargoyle Earth Elementalist on Nov 13, 2017.
             Killed from afar by an orc (8 damage)
             ... with an exploding inner flame
             ... hexed by the player character
             ... on level 4 of the Dungeon.
             The game lasted 00:04:51 (3825 turns).

kae the Digger (Gargoyle Earth Elementalist)        Turns: 3825, Time: 00:04:52

Health: -5/60      AC: 23    Str: 10 (12) XL:     7   Next: 3%
Magic:  7/12       EV:  2    Int: 19 (22) God:
Gold:   171        SH:  0    Dex:  8 (10) Spells: 9/13 levels left

rFire    + . .     SeeInvis .   t - +3 dagger
rCold    + . .     Gourm    .   (no shield)
rNeg     + + +     Faith    .   (armour currently unavailable)
rPois    ∞         Spirit   .   (helmet currently unavailable)
rElec    +         Reflect  .   (cloak currently unavailable)
rCorr    +         Harm     .   (gloves currently unavailable)
MR       .....     NoTele   +   (boots currently unavailable)
Stlth    ++........             (no amulet)
HPRegen  0.20/turn              (no ring)
MPRegen  0.13/turn              (no ring)

@: brilliant, tree-form, resistant
A: negative energy resistance 1, petrification resistance, rot immunity, AC +4
a: no special abilities


You were on level 4 of the Dungeon.
You were not hungry.
You were a tree.
You visited 1 branch of the dungeon, and saw 4 of its levels.

You collected 171 gold pieces.

Inventory:

Hand Weapons
 f - a +0 dagger
 t - a +3 dagger (weapon)
Missiles
 b - 66 stones (quivered)
 j - a throwing net
Armour
 a - a scarf of cloud immunity (melded)
 c - a +0 robe (melded)
 s - a +1 cloak of magic resistance
Magical Staves
 n - an uncursed staff of death
Jewellery
 i - an uncursed ring of stealth {unknown}
 r - a +3 amulet of reflection {unknown}
Wands
 w - a wand of iceblast (9/15)
Scrolls
 o - 5 scrolls of remove curse
 u - a scroll of fog
Potions
 k - a potion of lignification
 l - a potion of agility
 v - a potion of resistance
Books
 e - a book of Geomancy

   Spells                             Type                      Level
   a - Sandblast                      Earth                        1
   b - Passwall                       Transmutation/Earth          2
   c - Stone Arrow                    Conjuration/Earth            3
   d - Petrify                        Transmutation/Earth          4
   e - Lee's Rapid Deconstruction     Earth                        5
 h - a book of Cantrips

   Spells                             Type                      Level
   a - Confusing Touch                Hexes                        1
   b - Animate Skeleton               Necromancy                   1
   c - Summon Small Mammal            Summoning                    1
   d - Apportation                    Translocation                1
Comestibles
 d - 3 bread rations
 g - 2 meat rations
 p - 4 fruits
 x - 5 chunks of flesh


   Skills:
 + Level 2.2 Fighting
 + Level 2.4 Dodging
 - Level 2.1 Stealth
 * Level 3.9 Spellcasting
 * Level 3.1 Conjurations
   Level 0.7 Transmutations
 * Level 5.8 Earth Magic


You had 9 spell levels left.
You knew the following spells:

 Your Spells              Type           Power        Failure   Level  Hunger
a - Sandblast             Erth           #####.       1%          1    None
b - Stone Arrow           Conj/Erth      ####..       1%          3    ###....


Dungeon Overview and Level Annotations

Branches:
Dungeon (4/15)
 Temple: D:4-7

Altars:
Cheibriados
Elyvilon
Okawaru
Vehumet
Yredelemnul

Annotations:
D:3 Rhok's ghost, amateur MfGl


Innate Abilities, Weirdness & Mutations

You are resistant to torment.
((Your stone body is resilient. (AC +4)))
You are immune to poison.
You resist negative energy. (rN+)
((You are resistant to electric shocks. (rElec)))
((You can survive without breathing.))
You are immune to petrification.
You are immune to rotting.


Message History

Your +0 robe melds into your body.
You feel vulnerable to the effects of clouds.
Your roots penetrate the ground.
The hound bites you but does no damage. The orc hits you but does no damage. x2
The scorpion stings you but does no damage.
The orc hits you but does no damage.
The orc priest casts a cantrip, but nothing happens.
Casting: Sandblast
Confirm with . or Enter, or press ? or * to list all spells.
Aiming: Sandblast
Press: ? - help, Shift-Dir - straight line, f - orc
Aim: an orc, wielding a war axe and wearing a leather armour (black smoke, inner flame)
The blast of sand hits the orc.
The orc explodes!
The fiery explosion engulfs the orc.
The orc explodes!
The fiery explosion engulfs the orc.
The orc explodes!
The fiery explosion engulfs you! You resist.
You die...

#...........
#...........
#...........
#...........
#...........
#.§§§§§.....
#.§§§§§§....
#.§§♣ho.....
#.§§§s§.....
#.§.§§§..... #.
+........... #.
#.$.........
#.####...........
#..........###+##
#..........##
+...........#


You could see a scorpion (inner flame), a hound (inner flame) and an orc priest
(inner flame).

Vanquished Creatures
  An ogre (D:4)
  A scorpion (D:4)
  A hound (D:4)
  A quasit (D:4)
  A bullfrog skeleton (D:4)
  Crazy Yiuf (D:2)
  Ijyb (D:4)
  A worker ant (D:4)
  A hound skeleton (D:4)
  5 adders
  2 oozes
  5 dart slugs
  2 leopard geckos (D:1)
  2 orcs
  4 giant cockroaches
  6 goblins
  5 hobgoblins
  2 jackals (D:4)
  6 kobolds
  A quokka (D:3)
  A ball python (D:2)
  6 bats
  4 frilled lizards
  10 rats
70 creatures vanquished.

Notes
Turn   | Place    | Note
-------+----------+-------------------------------------------
     0 | D:1      | kae the Gargoyle Earth Elementalist began the quest for the Orb.
     0 | D:1      | Reached XP level 1. HP: 10/10 MP: 3/3
   233 | D:1      | Reached skill level 4 in Earth Magic
   233 | D:1      | Reached XP level 2. HP: 4/15 MP: 3/5
   581 | D:1      | Reached XP level 3. HP: 18/19 MP: 6/6
   586 | D:1      | Learned a level 3 spell: Stone Arrow
  1525 | D:2      | Reached XP level 4. HP: 21/24 MP: 6/8
  1593 | D:2      | Found a runed door.
  1816 | D:2      | Reached skill level 1 in Conjurations
  1942 | D:2      | Found a radiant altar of Vehumet.
  2048 | D:2      | Noticed Crazy Yiuf
  2058 | D:2      | Killed Crazy Yiuf
  2058 | D:2      | Reached skill level 1 in Fighting
  2380 | D:3      | Reached XP level 5. HP: 20/29 MP: 9/9
  2657 | D:3      | Found a basalt altar of Yredelemnul.
  2660 | D:3      | Found an iron altar of Okawaru.
  3044 | D:3      | Found a snail-covered altar of Cheibriados.
  3083 | D:3      | Reached skill level 5 in Earth Magic
  3118 | D:3      | Noticed Rhok's ghost (amateur MfGl)
  3488 | D:4      | Reached XP level 6. HP: 27/35 MP: 5/11
  3688 | D:4      | Found a white marble altar of Elyvilon.
  3702 | D:4      | Noticed Ijyb
  3717 | D:4      | Killed Ijyb
  3811 | D:4      | Reached XP level 7. HP: 40/40 MP: 6/12
  3823 | D:4      | HP: 2/40 [orc (4)]
  3825 | D:4      | Killed from afar by an orc

Vault maps used:
D:1:      sevenhm_arrival_forest_fort_small_6
D:2:      vehumet_crystals, minmay_misc_feat_cross, minmay_misc_feat_encased,
          uniq_crazy_yiuf_cottage
D:3:      cheibriados_altar_1, grunt_temple_overflow_open, first_bread,
          minmay_stone_trees_small
D:4:      kennysheep_mini_moat, uniq_ijyb

Skill      XL: |  1  2  3  4  5  6 |
---------------+-------------------+-----
Earth Magic    | 4 5 |  5.8
Conjurations   | 1 2 3 |  3.1
Fighting       | 1 2 |  2.2
Spellcasting   | 3 |  3.9
Dodging        | 2 |  2.4
Stealth        | |  2.1
Transmutations | |  0.7

Action                   |  1- 3 |  4- 6 |  7- 9 || total
-------------------------+-------+-------+-------++-------
Melee: Unarmed           |    23 |       |       ||    23
       Dagger            |    93 |   124 |     4 ||   221
 Cast: Sandblast         |    17 |    45 |     1 ||    63
       Stone Arrow       |       |     3 |       ||     3
  Use: Scroll            |       |     6 |     2 ||     8
       Potion            |       |       |     4 ||     4
 Stab: Sleeping          |     4 |     5 |       ||     9
  Eat: Chunk             |     2 |     8 |       ||    10
Armor: Robe              |    29 |    77 |     7 ||   113
       Skin              |       |       |     5 ||     5
Dodge: Dodged            |    75 |   133 |    19 ||   227

Table legend:
 A = Spawn XP
 B = Non-spawn XP
 C = Spawn XP percentage of total XP
 D = Spawn monster count
 E = Non-spawn monster count
 F = Spawn count percentage of total count
 G = Total turns spent on level
                    A         B        C        D         E        F      G
               +---------+---------+-------+---------+---------+-------+---------
         Total |       0 |     637 |   0.0 |       0 |      70 |   0.0 |  3825
               +---------+---------+-------+---------+---------+-------+---------
           D:1 |       0 |      46 |   0.0 |       0 |      21 |   0.0 |  1111
           D:2 |       0 |     103 |   0.0 |       0 |      23 |   0.0 |  1217
           D:3 |       0 |      65 |   0.0 |       0 |      14 |   0.0 |  1125
           D:4 |       0 |     423 |   0.0 |       0 |      12 |   0.0 |   372
               +---------+---------+-------+---------+---------+-------+---------
